 Dungeon Crawl Stone Soup version 0.25.1-2-g60ff931df9 (webtiles) character file.

Game seed: 19690072750645834

284 DogServant the Ruffian (level 6, -5/51 HPs)
             Began as a Naga Transmuter on Oct 19, 2020.
             Slain by a wight
             ... wielding a cursed -1 dire flail
              (12 damage)
             ... on level 3 of the Dungeon.
             The game lasted 00:07:49 (4676 turns).

DogServant the Ruffian (Naga Transmuter)            Turns: 4676, Time: 00:07:49

Health: -5/51      AC:  6    Str: 14    XL:     6   Next: 29%
Magic:  9/9        EV:  9    Int: 13    God:
Gold:   109        SH:  0    Dex: 12    Spells: 3/9 levels left

rFire    . . .     SeeInvis +     - Unarmed
rCold    . . .     Gourm    .   (no shield)
rNeg     . . .     Faith    .   b - +1 robe
rPois    +         Spirit   .   (no helmet)
rElec    .         Reflect  .   (no cloak)
rCorr    .         Harm     .   (no gloves)
MR       .....                  (no barding)
Stlth    +.........             (no amulet)
HPRegen  0.17/turn              (no ring)
MPRegen  0.11/turn              (no ring)

@: appendage (expiring), very slightly contaminated, heavily drained, very slow
A: large, horns 2, stinger 1, iridescent scales 1, see invisible, deformed body,
poison resistance, slowness 2, slow metabolism 1, spit poison 1, AC +2
a: Spit Poison, End Transformation


You were on level 3 of the Dungeon.
You were very hungry.
You had grown temporary horns.
You visited 1 branch of the dungeon, and saw 3 of its levels.

You collected 109 gold pieces.

Inventory:

Armour
 b - a +1 robe (worn)
Jewellery
 a - an uncursed ring of wizardry {unknown}
Scrolls
 c - a scroll of fog
 g - a scroll of amnesia
Potions
 f - a potion of mutation
Comestibles
 d - 8 rations


   Skills:
 - Level 1.0(0.0) Fighting
 - Level 1.5(0.0) Dodging
 + Level 2.6(0.0) Stealth
 + Level 5.5(2.7) Unarmed Combat
 - Level 2.0(0.0) Spellcasting
 + Level 4.0(1.3) Transmutations


You had 3 spell levels left.
You knew the following spells:

 Your Spells              Type           Power        Failure   Level  Hunger
a - Beastly Appendage     Tmut           #.....       19%         1    ##.....
b - Sticks to Snakes      Tmut           #.......     26%         2    ###....
c - Spider Form           Tmut/Pois      #.........   56%         3    ####...

Your spell library contained the following spells:

 Spells                   Type           Power        Failure   Level  Hunger
 Confusing Touch          Hex            #.......     67%         3    ####...
 Gell's Gravitas          Tloc           #.........   67%         3    ####...
 Ice Form                 Ice/Tmut       #.......     93%         4    #####..
 Petrify                  Tmut/Erth      #.......     93%         4    #####..
 Blade Hands              Tmut           #.........   99%         5    ######.
 Metabolic Englaciation   Hex/Ice        #.........   100%        5    ######.
 Yara's Violent Unravell  Hex/Tmut       #.........   100%        5    ######.


Dungeon Overview and Level Annotations

Branches:
Dungeon (3/15)

Altars:
Fedhas
Nemelex Xobeh


Innate Abilities, Weirdness & Mutations

You cannot wear boots.
Your serpentine skin is tough. (AC +2)
You have supernaturally acute eyesight. (SInv)
Armour fits poorly on your strangely shaped body.
Your system is resistant to poisons. (rPois)
You cover ground very slowly.
You have a slow metabolism.
You can spit poison.
You have a pair of horns on your head.
Your tail ends in a poisonous barb.
You are partially covered in iridescent scales. (AC +2)


Message History

You closely miss the wight.
The wight is heavily damaged.
The wight hits you but does no damage.
You hit the wight but do no damage.
You tail-slap the wight, but do no damage.
The wight is heavily damaged.
The wight hits you with a cursed -1 dire flail.
* * * LOW HITPOINT WARNING * * *
You hit the wight.
The wight is heavily damaged.
The wight hits you with a cursed -1 dire flail!
* * * LOW HITPOINT WARNING * * *
You closely miss the wight.
The wight is heavily damaged.
The wight completely misses you.
You closely miss the wight. Your headbutt misses the wight.
The wight is heavily damaged.
Your transformation is almost over.
The wight hits you with a cursed -1 dire flail!
You die...

#.#####.#.####.# #.# # #.#
#........# #.# # #.#
#.#.###.## #.# ##
####.#####.#.###.# #.# #.
...............#.# #.###.
####.........#.#.# #.....
####.######.#.###########.###.
#.# #..z......(......... #.#
###@..>..######.###. #.#
######.# #..... # #.# #.#
#.###. ## #.# #.# #.# #.
.######)# #.# #.# #. .#......#
#.# #.# #. .#####.(# #.# #.#
#. ## #.(# #.# #.###. # #..#
#.# #[....


You could see a wight.

Vanquished Creatures
  A howler monkey (D:2)
  A hound (D:3)
  5 adders
  4 gnolls (D:2)
  An ooze (D:3)
  2 worms
  2 dart slugs
  4 leopard geckos
  3 giant cockroaches
  8 goblins
  10 hobgoblins
  5 jackals
  8 kobolds
  A quokka (D:3)
  4 bats (D:2)
  2 frilled lizards
  11 rats
72 creatures vanquished.

Vanquished Creatures (collateral kills)
  2 wights (D:3)
  An adder (D:2)
  A goblin (D:2)
  A jackal (D:2)
  A frilled lizard (D:3)
  A kobold (D:2)
7 creatures vanquished.

Grand Total: 79 creatures vanquished

Notes
Turn   | Place    | Note
-------+----------+-------------------------------------------
     0 | D:1      | DogServant the Naga Transmuter began the quest for the Orb.
     0 | D:1      | Reached XP level 1. HP: 18/18 MP: 3/3
   430 | D:1      | Reached XP level 2. HP: 23/25 MP: 5/5
  1144 | D:1      | Reached XP level 3. HP: 24/31 MP: 4/6
  1149 | D:1      | Reached skill level 4 in Unarmed Combat
  1421 | D:2      | Learned a level 2 spell: Sticks to Snakes
  1477 | D:2      | Reached skill level 1 in Stealth
  1477 | D:2      | Reached XP level 4. HP: 20/38 MP: 1/7
  2700 | D:2      | Found a blossoming altar of Fedhas.
  2841 | D:2      | Reached XP level 5. HP: 16/44 MP: 8/8
  3258 | D:3      | Found a sparkling altar of Nemelex Xobeh.
  3283 | D:3      | Reached skill level 5 in Unarmed Combat
  3812 | D:3      | Gained mutation: Your tail ends in a poisonous barb.
                  | [potion of mutation]
  3812 | D:3      | Gained mutation: You are partially covered in iridescent
                  | scales. (AC +2) [potion of mutation]
  3845 | D:3      | Reached XP level 6. HP: 12/51 MP: 9/9
  4566 | D:3      | Learned a level 3 spell: Spider Form
  4676 | D:3      | Slain by a wight

Illustrated notes

Levels and vault maps discovered:
D:1:      denvon_arrival_waterhouse, layout_basic, kennysheep_another_room
D:2:      layout_basic, lemuel_coloured_pillars_altar
D:3:      layout_loops_ring, nemelex_xobeh_ov_fountains_minmay, first_ration,
          serial_forest, infiniplex_forest_diagonal,
          infiniplex_forest_straight_3, infiniplex_forest_clump_diagonal,
          infiniplex_forest_straight_4, infiniplex_forest_end_2,
          infiniplex_forest_clump_tiny, infiniplex_forest_straight_3,
          nrook_uturn

Skill      XL: |  1  2  3  4  5  6 |
---------------+-------------------+-----
Unarmed Combat | 4 5 |  5.5
Stealth        | 1 2 |  2.6
Transmutations | 3 4 |  4.0
Fighting       | |  1.0
Dodging        | |  1.5
Spellcasting   | |  2.0

Action                   |  1- 3 |  4- 6 || total
-------------------------+-------+-------++-------
Melee: Unarmed           |    63 |   153 ||   216
       Headbutt          |     4 |    16 ||    20
       Punch             |     1 |     1 ||     2
       Tailslap          |       |     3 ||     3
 Cast: Beastly Appendage |    12 |    30 ||    42
       Sticks to Snakes  |     3 |     9 ||    12
 Abil: Spit Poison       |     9 |    12 ||    21
  Use: Scroll            |     2 |     6 ||     8
       Potion            |     1 |     6 ||     7
 Stab: Sleeping          |       |     1 ||     1
  Eat: Chunk             |     1 |    10 ||    11
Armor: Robe              |     9 |    38 ||    47
Dodge: Dodged            |    34 |    86 ||   120
